AoeStats
← uli2099

Arena

509921626Analyzed
2v2 RM · 5d ago on Sep 28, 2026· 44m 39s· 4 players
Game mode
Random Map
Map size
Medium (4 player)
Population
200
Speed
Normal
Resources
Standard
Victory
Conquest
Starting age
Dark Age
Ending age
Imperial Age
RankedLock teamsTeams togetherTeam positionsShared explorationLock speedFull tech treeHidden civsTurbo modeCheats
Victory
Defeat
🇩🇪 Persians · Germany
1281
+15
🇪🇸 Italians · Spain
1270
+15
🇹🇼 Khmer · Taiwan
1271
-15
🇮🇳 Mongols · India
1247
-15
Hyderabad (Ind)
11:16 Feudal Age
15:21 Castle Age
13:52 Stone Mining
13:50 Double-Bit Axe
14:34 Gold Mining
15:45 Forging
17:23 Scale Barding Armor
19:48 Fervor
25:03 Wheelbarrow
24:14 Loom
24:48 Bow Saw
25:08 Horse Collar
25:37 Fletching
25:48 Padded Archer Armor
26:19 Bodkin Arrow
26:59 Bloodlines
26:53 Husbandry
26:32 Elite Skirmisher
27:58 Leather Archer Armor
28:35 Iron Casting
27:56 Town Watch
28:47 Ballistics
30:52 Chain Barding Armor
31:16 Masonry
31:43 Thumb Ring
33:57 Fortified Wall
40:17 Imperial Age
41:24 Conscription
41:15 Bracer
42:16 Chemistry
42:05 Nomads
43:13 Heavy Camel Rider
44:30 Parthian Tactics
xu3u6vm0888
11:57 Feudal Age
12:45 Loom
15:00 Castle Age
14:02 Scale Barding Armor
15:57 Husbandry
21:13 Chain Barding Armor
22:19 Ballistics
22:32 Forging
22:32 Double-Bit Axe
22:29 Horse Collar
23:48 Bow Saw
23:39 Heavy Plow
25:44 Gold Mining
28:04 Padded Archer Armor
30:30 Bloodlines
33:09 Iron Casting
34:38 Wheelbarrow
33:49 Loom
34:18 Elite Skirmisher
35:57 Fletching
38:42 Gold Shaft Mining
38:23 Bodkin Arrow
38:44 Leather Archer Armor
38:29 Light Cavalry
42:16 Imperial Age
40:04 Hand Cart
42:26 Hussar
43:49 Plate Barding Armor
44:15 Blast Furnace
uli2099
10:29 Feudal Age
14:55 Castle Age
12:53 Double-Bit Axe
13:05 Horse Collar
14:43 Loom
17:04 Heavy Plow
17:56 Wheelbarrow
18:09 Gold Mining
21:24 Scale Mail Armor
22:29 Forging
23:21 Hand Cart
24:41 Bow Saw
24:56 Bloodlines
25:06 Pikeman
30:41 Scale Barding Armor
31:12 Iron Casting
30:27 Fletching
32:59 Squires
33:24 Chain Mail Armor
33:30 Chain Barding Armor
38:44 Imperial Age
36:34 Bodkin Arrow
37:24 Stone Mining
38:09 Gold Shaft Mining
38:08 Husbandry
40:03 Plate Barding Armor
39:01 Cavalier
40:29 Conscription
40:59 Crop Rotation
41:06 Stone Shaft Mining
41:35 Savar
41:46 Halberdier
DaiMao
11:32 Feudal Age
12:48 Double-Bit Axe
15:23 Castle Age
13:29 Horse Collar
14:39 Gold Mining
16:41 Bow Saw
16:33 Heavy Plow
17:24 Fletching
19:14 Fletching
20:43 Bodkin Arrow
21:25 Ballistics
21:44 Padded Archer Armor
21:56 Loom
21:57 Town Watch
25:12 Wheelbarrow
24:53 Leather Archer Armor
33:46 Imperial Age
32:25 Hand Cart
35:09 Bracer
35:40 Ring Archer Armor
36:14 Chemistry
37:50 Two-Man Saw
37:36 Elite Genoese Crossbowman
39:04 Light Cavalry
39:45 Husbandry
39:57 Forging
40:29 Conscription
40:35 Scale Barding Armor
40:54 Bloodlines
42:17 Chain Barding Armor
42:32 Iron Casting
42:02 Hussar
44:02 Plate Barding Armor
45:52 Blast Furnace
Connection lost

Rejoining the realm…

Still unreachable

The connection could not be restored.

Session expired

The server has moved on; the page needs a fresh start.